 Dungeon Crawl Stone Soup version 0.18.1-50-g88ac8fd (webtiles) character file.

100 magog001 the Covered (level 4, -1/40 HPs)
             Began as a Minotaur Fighter on Nov 11, 2017.
             Killed from afar by Natasha (6 damage)
             ... with a magic dart
             ... on level 2 of the Dungeon on Nov 14, 2017.
             The game lasted 00:05:41 (1113 turns).

magog001 the Covered (Minotaur Fighter)             Turns: 1113, Time: 00:05:42

Health: -1/40      AC:  7    Str: 27    XL:     4   Next: 47%
Magic:  3/3        EV:  8    Int:  5    God:
Gold:   66         SH: 10    Dex:  9    Spells: 0 memorised, 3 levels left

rFire  . . .     SeeInvis .     p - +0 hand axe (venom)
rCold  . . .     Gourm    .     b - +0 scale mail
rNeg   . . .     Faith    .     c - +0 shield
rPois  .         Spirit   .     (helmet restricted)
rElec  .         Dismiss  .     (no cloak)
rCorr  .         Reflect  .     (no gloves)
SustAt .         Harm     .     (no boots)
MR     .....                    (no amulet)
Stlth  ..........               (no ring)
                                (no ring)

@: mighty, not resistant to hostile enchantments, extremely unstealthy
A: retaliatory headbutt, horns 2
a: no special abilities


You were on level 2 of the Dungeon.
You were hungry.

You visited 1 branch of the dungeon, and saw 2 of its levels.

You collected 66 gold pieces.

Inventory:

Hand Weapons
 a - a +0 war axe
 j - a cursed -3 dagger
 p - a +0 hand axe of venom (weapon)
Missiles
 e - 2 needles of sleeping
 n - 6 tomahawks (quivered)
 o - 25 sling bullets
Armour
 b - a +0 scale mail (worn)
 c - a +0 shield (worn)
Scrolls
 h - a scroll of magic mapping {unknown}
 k - a scroll of amnesia {unknown}
Potions
 d - a potion of might
 l - a potion of magic {unknown}
 m - 3 potions of curing {unknown}
Comestibles
 f - a bread ration
 g - 2 meat rations
 i - a chunk of flesh


   Skills:
 * Level 4.3 Fighting
 * Level 3.1 Axes
 * Level 4.7 Armour
 * Level 4.6 Shields


You had 3 spell levels left.
You didn't know any spells.

Dungeon Overview and Level Annotations

Branches:
Dungeon (2/15)

Altars:

Annotations:
D:2 Natasha


Innate Abilities, Weirdness & Mutations

You reflexively headbutt those who attack you in melee.
You have a pair of horns on your head.


Message History

You headbutt the gnoll, but do no damage.
The gnoll is severely wounded.
You hit the gnoll.
The gnoll is lightly wounded.
You block the gnoll's attack. The gnoll closely misses you.
The gnoll hits you with a flail. The kobold hits you with a short sword.
Natasha, Servant of Life and Death comes into view.
Natasha closely misses you. Natasha claws you!
* * * LOW HITPOINT WARNING * * *
You block the gnoll's attack. Natasha casts a spell at you.
The magic dart hits you!
* * * LOW HITPOINT WARNING * * *
Drink which item? (? for menu, Esc to quit)
You feel very mighty all of a sudden. Natasha casts a spell at you.
The magic dart hits you!
You die...

##.#..# #............
#.##.### #.....[...#.#
#......####......#.#..###
###.##...##......#......##.
#..###.........#)........
##.########...##.#.......
#...######......#.......
###.....###.....#.......
#####@# ##g##.#...#... #.#
#..##?##... ..
#h###...#.##.... .
#gK.Kg...........
##.........## #........##
##.......... ##...........#
#.........#...


You could see Natasha, a gnoll and a kobold.

Vanquished Creatures
  Natasha (twice) (D:2)
  A gnoll (D:2)
  An adder (D:2)
  2 dart slugs (D:1)
  A giant cockroach (D:1)
  3 goblins
  2 hobgoblins (D:1)
  4 jackals (D:1)
  A ball python (D:2)
  2 bats (D:2)
  A giant newt (D:2)
  6 kobolds
  7 rats
33 creatures vanquished.

Notes
Turn   | Place    | Note
--------------------------------------------------------------
     0 | D:1      | magog001 the Minotaur Fighter began the quest for the Orb.
     0 | D:1      | Reached XP level 1. HP: 19/19 MP: 0/0
   462 | D:1      | Reached XP level 2. HP: 27/27 MP: 1/1
   969 | D:2      | Noticed Natasha
   971 | D:2      | Reached XP level 3. HP: 33/33 MP: 2/2
   974 | D:2      | Killed Natasha
  1087 | D:2      | Noticed Natasha
  1094 | D:2      | Killed Natasha
  1094 | D:2      | Reached XP level 4. HP: 34/40 MP: 3/3
  1106 | D:2      | Noticed Natasha
  1113 | D:2      | Killed from afar by Natasha

Skill      XL: |  1  2  3 |
---------------+----------+-----
Armour         | 4 |  4.7
Shields        | 4 |  4.6
Fighting       | 4 |  4.3
Axes           | 3 |  3.1

Action                   |  1- 3 |  4- 6 || total
-------------------------+-------+-------++-------
Melee: War axe           |    72 |       ||    72
       Headbutt          |    12 |     3 ||    15
       Hand axe          |     4 |     5 ||     9
  Use: Potion            |       |     1 ||     1
Armor: Scale mail        |    34 |     2 ||    36
Dodge: Dodged            |    20 |     2 ||    22
Block: Shield            |    38 |     7 ||    45
